 Dungeon Crawl Stone Soup version 0.31.0-9-g3a7656b989 (webtiles) character file.

Game seed: 1611968225747010983

3707 Killerpretzel the Thaumaturge (level 9, 0/45 HPs)
             Began as a Deep Elf Conjurer on Jan 24, 2024.
             Was a Believer of Vehumet.
             Slain by a blink frog (19 damage)
             ... on level 1 of the Lair of Beasts.
             The game lasted 00:59:11 (9680 turns).

Killerpretzel the Thaumaturge (Deep Elf Conjurer)   Turns: 9680, Time: 00:59:12

Health: 0/45       AC:  3    Str:  4    XL:     9   Next: 91%
Magic:  13/27      EV: 13    Int: 34    God:    Vehumet [**....]
Gold:   384        SH:  0    Dex: 13    Spells: 30/33 levels left

rFire   . . .        q - +10 whip "Vivvapsu" {protect, rC++}
rCold   + + .        F - orb {*channel}
rNeg    . . .        a - +0 robe
rPois   .            (no helmet)
rElec   .            k - +0 cloak
rCorr   .            (no gloves)
SInv    +            (no boots)
Will    .....        M - amulet of the acrobat
Stlth   +++          J - ring of see invisible
HPRegen 0.27/turn    G - +6 ring of intelligence
MPRegen 0.20/turn

%: acrobat, channel magic (20%)
@: no status effects
A: no striking features
a: Renounce Religion


You were on level 1 of the Lair of Beasts.
You worshipped Vehumet.
Vehumet was pleased with you.
You visited 3 branches of the dungeon, and saw 11 of its levels.

You collected 573 gold pieces.
You spent 189 gold pieces at shops.

Inventory:

Hand Weapons
 q - the +10 whip "Vivvapsu" (weapon) {protect, rC++}
   (You found it on level 3 of the Dungeon)

   rC++:      It greatly protects you from cold.
Armour
 a - a +0 robe (worn)
 k - a +0 cloak (worn)
 F - an orb of energy (worn)
 O - an orb of energy
Jewellery
 v - a ring of flight
 y - a ring of resist corrosion
 G - a +6 ring of intelligence (right hand)
 J - a ring of see invisible (left hand)
 M - an amulet of the acrobat (around neck)
Wands
 s - a wand of flame (14)
 w - a wand of polymorph (4)
 H - a wand of mindburst (15) (quivered)
 L - a wand of acid (13)
Scrolls
 f - 5 scrolls of identify
 h - a scroll of silence {unknown}
 i - a scroll of fear {unknown}
 m - a scroll of blinking
 p - 3 scrolls of teleportation {unknown}
 t - 2 scrolls of revelation
 z - a scroll of acquirement {unknown}
 E - a scroll of fog {unknown}
 I - a scroll of enchant armour {unknown}
 K - 2 scrolls of poison {unknown}
Potions
 b - a potion of magic
 c - 3 potions of heal wounds {unknown}
 e - 2 potions of brilliance {unknown}
 g - 2 potions of might {unknown}
 j - a potion of cancellation {unknown}
 l - 3 potions of curing
 n - a potion of haste {unknown}
 r - a potion of lignification {unknown}
 A - 2 potions of ambrosia {unknown}
 P - a potion of invisibility {unknown}


   Skills:
 - Level 4.1 Dodging
 - Level 4.3 Stealth
 + Level 12.8 Spellcasting
 + Level 11.4 Conjurations


You had 30 spell levels left.
You knew the following spells:

 Your Spells              Type           Power      Damage    Failure   Level
a - Magic Dart            Conj           100%       1d8       1%          1
b - Searing Ray           Conj           100%       2d8       1%          2

Your spell library contained the following spells:

 Spells                   Type           Power      Damage    Failure   Level
 Kiss of Death            Conj/Necr      100%       2d13      2%          1
 Fulminant Prism          Conj/Alch      28%        3d13      8%          4
 Iskenderun's Mystic Bla  Conj/Tloc      57%        2d12      8%          4
 Leda's Liquefaction      Alch/Erth      10%        N/A       41%         4
 Bombard                  Conj/Erth      28%        9d5       50%         6
 Lee's Rapid Deconstruct  Erth           10%        3d8*      71%         5
 Summon Forest            Summ/Tloc      10%        N/A       71%         5
 Eringya's Noxious Bog    Alch           10%        4d6       99%         6
 Summon Hydra             Summ           10%        N/A       100%        7


Dungeon Overview and Level Annotations

Branches:
Dungeon (9/15)             Temple (1/1) D:5            Lair (1/5) D:9
    Orc: D:9-12

Altars:
Ashenzari
Cheibriados
Elyvilon
Fedhas
Gozag
Hepliaklqana
Kikubaaqudgha
Makhleb
Nemelex Xobeh
Qazlal
Ru
Sif Muna
Trog
Uskayaw
Vehumet
Wu Jian
Xom
Yredelemnul
Zin
The Shining One

Shops:
D:6 :*![   D:8 *

Annotations:
D:3 Natasha, Sigmund
D:4 exclusion: 2 downstairs
D:5 1 exclusion, Edmund
D:6 exclusions: sky beast and water moccasin, Dowan
D:8 !troll
Lair:1 exclusion: black mamba


Message History

The searing ray hits the water moccasin.
The water moccasin is severely wounded.
You finish channelling your searing ray.
The water moccasin bites you! The blink frog misses you.
The water moccasin closely misses you.
Casting: Searing Ray (safe; 1% risk of failure)
Confirm with . or Enter, or press ? or * to list all spells.
Aiming: Searing Ray (safe; 1% risk of failure)
Press: ? - help, Shift-Dir - straight line, f/p - water moccasin
Aim: a water moccasin (severely wounded, 72% to hit)
The searing ray hits the water moccasin!
You kill the water moccasin!
Vehumet accepts your kill. (Press . to maintain the ray.)
The blink frog blinks!
Casting: Searing Ray (safe; 1% risk of failure)
Confirm with . or Enter, or press ? or * to list all spells.
Restarting spell: Searing Ray (safe; 1% risk of failure)
Press: ? - help, Shift-Dir - straight line, f - blink frog
Aim: a blink frog (moderately wounded, 70% to hit)
The searing ray misses the blink frog. (Press . to maintain the ray.)
The searing ray misses the blink frog.
The blink frog misses you.
The searing ray misses the blink frog.
A blink frog comes into view.
The blink frog completely misses you. x2
You see here a water moccasin corpse.
Casting: Searing Ray (safe; 1% risk of failure)
Confirm with . or Enter, or press ? or * to list all spells.
Aiming: Searing Ray (safe; 1% risk of failure)
Press: ? - help, Shift-Dir - straight line, f/p - blink frog
Aim: a blink frog (moderately wounded, 70% to hit)
The searing ray hits the blink frog!
The blink frog is severely wounded. (Press . to maintain the ray.) Magical energy flows into your mind!
The blink frog barely misses you. The blink frog hits you!!
* * * LOW HITPOINT WARNING * * *
It was a potion of curing.
You feel better. The blink frog hits you!!
You die...

.. ..#
.Y..#.Y#############.#
.. .. P..# #.##
...+..# #..# .##..#
#.## ....# #.# ...#
#.# #..# ##.# #..#
#..# #@# ##.# #F# #.#
#.# ######## #.#
#.###.#P.#.####.#
#...............#
###...............#
#.................P#
##.#....####.###..##
#......# ### ##.#


You could see a blink frog.

Vanquished Creatures
  A steam dragon (D:7)
  A basilisk (D:9)
  A yak (Lair:1)
  3 water moccasins
  An ice beast (D:7)
  A black bear (D:6)
  3 orc warriors
  A sky beast (D:8)
  2 centaurs
  An ogre (D:6)
  A kobold brigand (D:7)
  7 bullfrogs
  A scorpion (D:4)
  4 killer bees (D:9)
  An electric eel (D:6)
  A bombardier beetle (D:5)
  A gnoll bouda (D:7)
  3 orc priests
  A sleepcap (D:7)
  An iguana (D:5)
  4 orc wizards
  3 gnolls (D:7)
  3 adders
  3 shadow imps
  A white imp (D:8)
  2 ufetubi (D:6)
  3 dart slugs
  A ribbon worm (D:3)
  30 orcs
  4 bats
  12 endoplasms
  4 giant cockroaches
  7 goblins
  6 hobgoblins
  8 jackals
  10 kobolds
  5 quokkas
  10 ball pythons
  6 frilled lizards
  3 rats
161 creatures vanquished.

Vanquished Creatures (collateral kills)
  Jeremiah (D:8)
  A komodo dragon (D:9)
  A troll (D:9)
  A centaur (D:9)
  An orc wizard (D:9)
  An orc (D:9)
6 creatures vanquished.

Grand Total: 167 creatures vanquished

Notes
Turn   | Place    | Note
-------+----------+-------------------------------------------
     0 | D:1      | Killerpretzel the Deep Elf Conjurer began the quest for the
                  | Orb.
     0 | D:1      | Reached XP level 1. HP: 10/10 MP: 6/6
   305 | D:1      | Found a faded altar of an unknown god.
   484 | D:1      | Reached XP level 2. HP: 15/15 MP: 6/8
   487 | D:1      | Learned a level 2 spell: Searing Ray
  1039 | D:2      | Reached XP level 3. HP: 19/19 MP: 2/10
  1487 | D:2      | Reached skill level 4 in Spellcasting
  1525 | D:2      | Reached skill level 5 in Conjurations
  1907 | D:3      | Noticed a centaur
  2118 | D:3      | Reached XP level 4. HP: 24/24 MP: 7/12
  2238 | D:3      | Identified the +10 whip "Vivvapsu" {protect, rC++}
  2672 | D:3      | Found a radiant altar of Vehumet.
  2681 | D:3      | Became a worshipper of Vehumet
  3009 | D:3      | Noticed Natasha
  3034 | D:3      | Noticed Sigmund
  3467 | D:4      | Noticed a scorpion
  3625 | D:4      | Identified the +1 ring mail of Disaster {Int+2}
  3829 | D:4      | Found a white marble altar of Elyvilon.
  4144 | D:4      | Found a blossoming altar of Fedhas.
  4260 | D:3      | Killed a centaur
  4260 | D:3      | Reached * piety under Vehumet
  4260 | D:3      | Offered knowledge of Sandblast by Vehumet.
  4261 | D:3      | Reached skill level 5 in Spellcasting
  4261 | D:3      | Reached XP level 5. HP: 12/28 MP: 6/14
  4373 | D:4      | Reached XP level 6. HP: 30/32 MP: 2/16
  4515 | D:5      | Entered Level 5 of the Dungeon
  4856 | D:5      | Identified the +8 dagger of Accord {heavy, rN+ Dex+4}
  5040 | D:5      | Noticed Edmund
  5152 | D:5      | Found a staircase to the Ecumenical Temple.
  5162 | Temple   | Entered the Ecumenical Temple
  5467 | D:6      | Reached skill level 6 in Spellcasting
  5579 | D:6      | Noticed a water moccasin
  5757 | D:6      | Reached XP level 7. HP: 26/36 MP: 8/18
  5880 | D:6      | Found Keereu's Distillery.
  5893 | D:6      | Reached skill level 7 in Spellcasting
  5927 | D:6      | Found Iverr's Book Boutique.
  5928 | D:6      | Found Weiter's Armour Boutique.
  5928 | D:6      | Found Ynewujud's Assorted Antiques.
  5930 | D:6      | Bought a potion of degeneration for 13 gold pieces
  6303 | D:6      | Noticed Dowan
  6662 | D:6      | Bought an orb of energy for 176 gold pieces
  6766 | D:7      | Reached skill level 8 in Spellcasting
  6837 | D:7      | Reached XP level 8. HP: 41/41 MP: 15/22
  7077 | D:7      | Reached skill level 9 in Spellcasting
  7397 | D:7      | Found an ornate altar of the Wu Jian Council.
  7539 | D:8      | Found a hide-covered altar of Uskayaw.
  7900 | D:8      | Noticed a troll
  7919 | D:8      | Found Lazosch's Assorted Antiques.
  7944 | D:8      | Offered knowledge of Kiss of Death by Vehumet.
  7958 | D:8      | Noticed Jeremiah
  7984 | D:8      | Reached ** piety under Vehumet
  8021 | D:8      | Killed Jeremiah
  8022 | D:8      | Reached skill level 10 in Spellcasting
  8344 | D:9      | Reached XP level 9. HP: 39/45 MP: 18/25
  8870 | D:9      | Reached skill level 11 in Spellcasting
  8870 | D:9      | Reached skill level 10 in Conjurations
  8910 | D:9      | Noticed a troll
  8912 | D:9      | Killed a troll
  9251 | D:9      | Noticed a komodo dragon
  9269 | D:9      | Killed a komodo dragon
  9280 | D:9      | Reached skill level 12 in Spellcasting
  9309 | D:9      | Found a staircase to the Lair.
  9463 | Lair:1   | Entered Level 1 of the Lair of Beasts
  9651 | Lair:1   | Noticed a black mamba
  9680 | Lair:1   | Slain by a blink frog

Illustrated notes

Levels and vault maps discovered:
D:1:      elethiomel_arrival_quiet, layout_rooms, serial_corexii_hall,
          chequers_hall_statues_corner_a, corexii_hall_statues_l,
          ebering_ecumenical_altar_sacrificial
D:2:      layout_loops_ring, chequers_serial_rivers_room_b
D:3:      minmay_razor_zed, layout_loops_corners, vehumet_altar_wand_db,
          uniq_natasha, uniq_sigmund
D:4:      nicolae_BIG_FREAKIN_CUBE, layout_cave_pools, fedhas_altar_4,
          elyvilon_altar_4
D:5:      layout_cave_pods, hellmonk_okawaru_the_only_friend_you_need,
          minmay_temple_entry_offerings, grunt_decor_cap, uniq_edmund
D:6:      layout_basic, nicolae_shop_national_dungeon_mall, uniq_duvessa
D:7:      layout_cave_pools, nzn_wu_jian_contemplation
D:8:      layout_loops_ring, amcnicky_altar_gilded,
          mainiacjoe_overflow_alcove_2, serial_shops, nicolae_take_the_stairs,
          uniq_jeremiah
D:9:      layout_loops_corners, david_lair_shrubbed, minivault_27
Temple:   hellmonk_temple_of_storms
Lair:1:   layout_chaotic_city, grunt_megastairs_4

Skill      XL: |  1  2  3  4  5  6  7  8  9 |
---------------+----------------------------+-----
Stealth        | 3 4 |  4.3
Spellcasting   | 4 5 6 8 10 12 | 12.8
Conjurations   | 5 6 7 9 11 | 11.4
Dodging        | 3 4 |  4.1

Action                     |  1- 3 |  4- 6 |  7- 9 || total
---------------------------+-------+-------+-------++-------
  Melee: Whip              |       |       |     2 ||     2
   Cast: Magic Dart        |    76 |   104 |    89 ||   269
         Searing Ray       |     4 |    19 |    55 ||    78
    Use: Scroll            |       |     4 |     4 ||     8
         Potion            |       |       |     1 ||     1
 Armour: Robe              |     8 |     7 |    39 ||    54
         Ring mail         |       |    12 |       ||    12
  Dodge: Dodged            |     4 |     9 |    49 ||    62
  Block: Buckler           |       |       |     1 ||     1
